 Dungeon Crawl Stone Soup version 0.28-a0-697-g47f3eba078 (webtiles) character file.

Game seed: 9562229285536360665

793 timneilson the Covered (level 7, 0/66 HPs)
             Began as a Gargoyle Fighter on Oct 23, 2021.
             Slain by an orc (4 damage)
             ... on level 5 of the Dungeon.
             The game lasted 00:06:51 (5349 turns).

timneilson the Covered (Gargoyle Fighter)           Turns: 5349, Time: 00:06:52

Health: 0/66       AC: 23    Str: 22    XL:     7   Next: 88%
Magic:  7/7        EV:  2    Int:  8    God:
Gold:   275        SH:  0    Dex:  9    Spells: 6/6 levels left

rFire   . . .      SeeInvis +   a - +0 long sword
rCold   . . .      Faith    .   c - +0 buckler
rNeg    + . .      Spirit   .   (armour currently unavailable)
rPois   ∞          Reflect  .   (helmet currently unavailable)
rElec   .          Harm     .   (cloak currently unavailable)
rCorr   .          Rampage  .   (gloves currently unavailable)
Will    .....      NoTele   +   (boots currently unavailable)
Stlth   +.........              (no amulet)
HPRegen 0.21/turn               f - ring of see invisible
MPRegen 0.10/turn               (no ring)

@: confused, tree-form
A: stationary, stasis, torment immunity, boosted hp, sickness immunity, AC +4,
negative energy resistance 1, (electricity resistance), torment resistance 1,
petrification resistance
a: no special abilities


You were on level 5 of the Dungeon.
You were a tree.
You visited 1 branch of the dungeon, and saw 5 of its levels.

You collected 275 gold pieces.

Inventory:

Hand Weapons
 a - a +0 long sword (weapon)
Armour
 b - a +0 scale mail (melded)
 c - a +0 buckler (worn)
 h - a +0 helmet (melded)
 k - a +0 plate armour
 p - a +2 cloak (melded)
Jewellery
 f - a ring of see invisible (left branch)
 n - a ring of wizardry
Wands
 m - a wand of iceblast (10)
Scrolls
 o - a scroll of fog
 q - a scroll of identify
Potions
 d - a potion of might
 e - 2 potions of degeneration {unknown}
 g - a potion of mutation {unknown}
 i - a potion of curing {unknown}
 j - 2 potions of magic {unknown}
 l - 2 potions of lignification


   Skills:
 + Level 4.5 Fighting
 * Level 4.1 Long Blades
 * Level 5.6 Armour
 + Level 2.0 Dodging
 * Level 5.5 Shields
 + Level 1.4 Evocations


You had 6 spell levels left.
You didn't know any spells.
Your spell library contained the following spells:

 Spells                   Type           Power      Damage    Failure   Level
 Ensorcelled Hibernation  Hex/Ice        0%         N/A       54%         2
 Frozen Ramparts          Ice            0%         1d2       78%         3
 Tukima's Dance           Hex            0%         N/A       78%         3
 Ice Form                 Ice/Tmut       0%         N/A       99%         4
 Summon Ice Beast         Ice/Summ       0%         N/A       99%         4


Dungeon Overview and Level Annotations

Branches:
Dungeon (5/15)
 Temple: D:4-7

Altars:


Innate Abilities, Weirdness & Mutations

You are a tree.
Your roots penetrate the ground, keeping you stationary.
You cannot be teleported.
You are immune to unholy pain and torment.
Your maximum health is greatly increased.
Your equipment is partially melded.
You are immune to sickness and miasma.
((Your stone body is resilient. (AC +4)))
You are immune to poison.
You resist negative energy. (rN+)
((You are resistant to electric shocks. (rElec)))
You are resistant to unholy torment.
You are immune to petrification.


Message History

The orc hits you but does no damage. x2
Unknown command.
You slash the ogre!
You kill the ogre!
The orc wizard points at you and mumbles some strange words.
You are confused.
The orc hits you but does no damage. x3
The orc wizard hits you but does no damage.
Your Dodging skill increases to level 2!
You cannot move. (Use ctrl+direction or * direction to attack without moving.) Unknown command.
You cannot move. (Use ctrl+direction or * direction to attack without moving.) Unknown command.
You swing at nothing.
You feel less wooden.
Your +2 cloak unmelds from your body.
Your +0 helmet unmelds from your body.
Your +0 scale mail unmelds from your body.
The orc hits you but does no damage. The orc barely misses you.
The orc wizard hits you with a +1 dagger of flaming.
* * * LOW HITPOINT WARNING * * *
The orc wizard burns you.
* * * LOW HITPOINT WARNING * * *
The orc hits you but does no damage. The orc hits you with a +0 short sword.
* * * LOW HITPOINT WARNING * * *
Really quaff the potion of lignification?
You turn into a tree.
Your +2 cloak melds into your body.
Your +0 helmet melds into your body.
Your +0 scale mail melds into your body.
Your roots penetrate the ground.
The orc hits you but does no damage.
The orc wizard hits you but does no damage.
The orc hits you but does no damage. x2
Unknown command.
You cannot move. (Use ctrl+direction or * direction to attack without moving.) Unknown command.
You swing at nothing.
The orc hits you but does no damage.
The orc wizard hits you but does no damage.
The orc hits you with a +0 club.
* * * LOW HITPOINT WARNING * * *
The orc hits you with a +0 short sword.
You die...

#..........##..........
....##.................
.........# #.......#.
.........## ##)....###
..........#####.....###
.....................#
..#..................
#..................
#o♣.......#...#...#
......ooo...####.....###
............# #...### #
............# #....#
..#...........#..... .
#.<.....#.....^
..##...###### ... .....


You could see an orc wizard and 3 orcs.

Vanquished Creatures
  Duvessa (D:4)
  2 ogres (D:5)
  A scorpion (D:4)
  Dowan (D:4)
  A water moccasin skeleton (D:4)
  A jelly (D:3)
  Crazy Yiuf (D:3)
  2 iguanas (D:4)
  Terence (D:3)
  Natasha (thrice) (D:3)
  Robin (D:3)
  2 adders
  4 worms
  2 dart slugs
  3 orcs
  5 ball pythons
  5 endoplasms
  8 giant cockroaches
  13 goblins
  10 hobgoblins
  10 jackals
  8 quokkas
  5 bats
  A frilled lizard (D:2)
  10 kobolds
  5 rats
  A spectral hobgoblin (D:2)
107 creatures vanquished.

Notes
Turn   | Place    | Note
-------+----------+-------------------------------------------
     0 | D:1      | timneilson the Gargoyle Fighter began the quest for the
                  | Orb.
     0 | D:1      | Reached XP level 1. HP: 14/14 MP: 1/1
   159 | D:1      | Reached XP level 2. HP: 14/19 MP: 2/2
   898 | D:1      | Reached XP level 3. HP: 23/23 MP: 3/3
  1574 | D:2      | Found a faded altar of an unknown god.
  1828 | D:2      | Reached XP level 4. HP: 25/28 MP: 4/4
  2294 | D:3      | Noticed Natasha
  2304 | D:3      | Killed Natasha
  2784 | D:3      | Noticed Robin
  2820 | D:3      | Reached XP level 5. HP: 18/33 MP: 5/5
  2837 | D:3      | Killed Robin
  3025 | D:3      | Noticed Terence
  3048 | D:3      | Killed Terence
  3049 | D:3      | Reached skill level 1 in Dodging
  3111 | D:3      | Noticed Natasha
  3119 | D:3      | Killed Natasha
  3366 | D:3      | Found a runed translucent door.
  3367 | D:3      | Noticed Crazy Yiuf
  3414 | D:3      | Reached XP level 6. HP: 18/38 MP: 6/6
  3960 | D:3      | Noticed Natasha
  3966 | D:3      | Killed Natasha
  4056 | D:3      | Killed Crazy Yiuf
  4557 | D:4      | Noticed Duvessa
  4560 | D:4      | Noticed Dowan
  4568 | D:4      | Killed Duvessa
  4569 | D:4      | Reached skill level 5 in Armour
  4569 | D:4      | Reached skill level 5 in Shields
  4569 | D:4      | Reached skill level 1 in Evocations
  4569 | D:4      | Reached XP level 7. HP: 23/43 MP: 7/7
  4571 | D:4      | Killed Dowan
  5210 | D:5      | Entered Level 5 of the Dungeon
  5349 | D:5      | Slain by an orc

Illustrated notes

Levels and vault maps discovered:
D:1:      eino_arrival_druids_welcome, layout_basic, minmay_tetromino_s4
D:2:      wander_river, layout_basic, dreamdust_ecumenical_altar_drowned_temple,
          minmay_unequal
D:3:      layout_loops_corners, roderic_lattice_a, uniq_robin,
          uniq_crazy_yiuf_cottage, uniq_terence, uniq_natasha
D:4:      layout_basic, hangedman_decor_slide_cut, uniq_duvessa
D:5:      layout_cave_pools, lemuel_blue_sif_altar, uniq_grinder

Skill      XL: |  1  2  3  4  5  6  7 |
---------------+----------------------+-----
Long Blades    | 2 3 4 |  4.1
Armour         | 4 5 |  5.6
Shields        | 4 5 |  5.5
Dodging        | 1 2 |  2.0
Fighting       | 4 |  4.5
Evocations     | 1 |  1.4

Action                   |  1- 3 |  4- 6 |  7- 9 || total
-------------------------+-------+-------+-------++-------
Melee: Long sword        |   141 |   227 |    40 ||   408
  Use: Scroll            |     1 |     3 |     2 ||     6
       Potion            |       |     1 |     2 ||     3
Armor: Scale mail        |    84 |   118 |    18 ||   220
       Skin              |       |       |    31 ||    31
Dodge: Dodged            |    57 |   121 |    16 ||   194
Block: Buckler           |    22 |    53 |     9 ||    84

Table legend: (Time is in decaauts)
 A = Elapsed time spent in this place.
 B = Non-inter-level travel time spent in this place.
 C = Inter-level travel time spent in this place.
 D = Time resting spent in this place.
 E = Time spent auto-exploring this place.
 F = Levels seen in this place.
 G = Mean time per level.
                   A        B        C        D        E       F      G
               +--------+--------+--------+--------+--------+-----+--------+
         Total |   5471 |   5374 |     97 |     16 |   4298 |   5 | 1094.2 |
       Dungeon |   5471 |   5374 |     97 |     16 |   4298 |   5 | 1094.2 |
               +--------+--------+--------+--------+--------+-----+--------+

Top non-repeatable levels by time:
     D:3: 2140 daAuts
     D:1: 1404 daAuts
     D:4: 983 daAuts
     D:2: 798 daAuts
     D:5: 143 daAuts
